Description

This is a build order focus on cannon rush for pressure into skytoss!

Replay - IIIlllIIllIl v zuka - Port Aleksander LE

Build Order

Get SALT Encoding   

  12  0:01  Probe  
  13  0:13  Probe  
  14  0:20  Pylon  
  14  0:24  Probe  
  15  0:34  Probe  
  15  0:42  Probe  
  16  0:48  Gateway  
  17  0:52  Assimilator  
  17  0:56  Probe  
  18  1:08  Probe  
  19  1:14  Forge  
  19  1:20  Probe  
  20  1:32  Pylon  
  20  1:42  Probe  
  21  1:52  Photon Cannon x3  
  21  1:56  Probe  
  23  2:14  Nexus  
  23  2:20  Photon Cannon  
  23  2:34  Cybernetics Core  
  24  2:44  Assimilator  
  24  2:45  Pylon  
  26  3:01  Adept  
  29  3:13  Assimilator, Warp Gate  
  31  3:34  Stargate  
  33  3:46  Pylon  
  33  3:47  Stalker  
  34  3:52  Pylon  
  36  4:01  Shield Battery  
  37  4:05  Void Ray  
  37  4:11  Photon Cannon  
  41  4:31  Stalker  
  43  4:39  Gateway  
  43  4:40  Void Ray  
  45  4:47  Assimilator  
  48  5:05  Stargate  
  52  5:22  Zealot  
  55  5:33  Fleet Beacon  
  55  5:34  Nexus  
  58  6:08  Carrier x2  
  75  6:34  Protoss Air Weapons Level 1  
  75  6:37  Assimilator  
  75  6:43  Assimilator  
  75  6:45  Mothership  
  77  6:59  Photon Cannon x2  
  78  7:05  Photon Cannon  
  90  7:33  Carrier  
  104  8:02  Stargate  
  106  8:09  Zealot x2  
  109  8:17  Carrier  
  92  8:36  Zealot x2  
  89  9:15  Assimilator  
  89  9:16  Carrier  
  92  9:54  Void Ray x2  
Spawning Tool Build Advisor. Get it on Overwolf

Go to:

Details

  • Created by: zuka      
  • Published on: Nov 24, 2018
  • Modified on: Nov 24, 2018
  • Patch: 4.7.1
Show
View Real Time Build Order
Export as new Build Order

Comments (0)

There are no comments. Be the first!

Create an account to comment!